[Event "Marienbad A1-GM 2024"]
[Site "Marianske Lazne"]
[Date "2024.01.17"]
[Round "6.3"]
[White "Pang, Tao"]
[Black "Baenziger, Fabian"]
[Result "1/2-1/2"]
[ECO "A06"]
[WhiteElo "2430"]
[BlackElo "2414"]
[Annotator "TA"]
[PlyCount "77"]
[EventDate "2024.01.10"]
[EventType "tourn"]
[EventCountry "CZE"]
[SourceTitle "playchess.com"]
[Source "ChessBase"]
[SourceQuality "1"]
[TimeControl "40/5400+30:1800+30"]

1. Nf3 d5 2. g3 Bg4 3. Bg2 Nd7 4. O-O c6 5. h3 Bh5 6. d3 e6 {[%emt 0:00:25] A07: Réti Opening: New York and Capablanca Systems.} 7. Qe1 Bd6 {[%emt 0:01:18] [#]} 8. Nfd2 $146 ({Predecessor:} 8. e4 Ne7 9. Nh2 O-O 10. f4 dxe4 11. dxe4 f6 12. Nd2 e5 13. Nc4 Bc5+ 14. Kh1 {1-0 Vidit,S (2727)-Zhigalko,S (2572) Titled Tuesday intern op 15th Feb Late blitz 2022 (9)}) 8... f6 9. e4 Ne7 10. Nb3 Bf7 11. c4 O-O 12. Nc3 Nc5 13. Nxc5 Bxc5 14. e5 (14. b3 $15) 14... Nf5 $17 15. Kh1 fxe5 16. Qxe5 Bd6 17. Qe1 Qf6 $36 {[%emt 0:00:05][%mdl 2048] White is under strong pressure.} 18. f4 {[%emt 0:05:55] [#]} (18. Ne2 $17) 18... h5 $1 $19 19. Nd1 (19. Bd2 $17) 19... h4 20. gxh4 Nxh4 21. Ne3 Nxg2 ({Don't play} 21... Bxf4 22. Ng4 Qe7 23. Bxf4 $18) 22. Nxg2 e5 (22... Bh5 $19 23. Qg3 Rad8) 23. c5 (23. fxe5 $17 Qxe5 24. Bf4 Qxe1 25. Raxe1) 23... Bc7 $2 ({Better is} 23... Bxc5 $19 {White must now prevent ...Bg6.} 24. fxe5 Qe6) 24. fxe5 $15 Qe6 (24... Qxe5 {simplifies} 25. Bf4 Qxe1 26. Rfxe1 Bd8) 25. d4 (25. Qg3 $11) 25... Qxh3+ $17 26. Kg1 {[%emt 0:00:02] White is weak on the light squares} Bg6 {[%emt 0:01:02] [#] And now ...Be4 would win.} 27. Nf4 $2 (27. Bf4 $17) 27... Qg4+ $19 28. Kh2 Be4 {[%emt 0:03:55][%cal Of8f4] ( -> ...Rxf4!)} 29. Rg1 Qf5 (29... Rxf4 $19 30. Rxg4 Rxg4) 30. Qh4 $11 Bd8 {[%emt 0:00:39] A strong pair of Bishops.} 31. Qh6 {[%emt 0:01:07][%csl Gh6][%cal Rg1g7] Dancing on a razor blade.} Qh7 32. Qxh7+ Kxh7 33. Be3 Bf5 34. Raf1 {[%emt 0:07:40][%cal Of4e6] The position is equal.} Be7 35. Rf3 g5 36. Nh5 Kg6 37. Nf4+ $1 (37. Rgf1 Rf7 38. Kg1 Be6 $15) 37... Kh7 38. Nh5 Kg6 39. Nf4+ $1 {[%emt 0:00:03] Weighted Error Value: White=0.33/Black=0.30} ({Much worse is} 39. Rgf1 Rab8 $17) 1/2-1/2

[Event "Marienbad A1-GM 2024"]
[Site "Marianske Lazne"]
[Date "2024.01.17"]
[Round "6.4"]
[White "Natsidis, Christoph"]
[Black "Haring, Filip"]
[Result "0-1"]
[ECO "D37"]
[WhiteElo "2324"]
[BlackElo "2432"]
[Annotator "TA"]
[PlyCount "48"]
[EventDate "2024.01.10"]
[EventType "tourn"]
[EventCountry "CZE"]
[SourceTitle "playchess.com"]
[Source "ChessBase"]
[SourceQuality "1"]
[TimeControl "40/5400+30:1800+30"]

1. d4 Nf6 2. c4 e6 3. Nf3 d5 4. Nc3 dxc4 5. e3 a6 6. Bxc4 b5 7. Bb3 Bb7 8. O-O c5 9. e4 {[%emt 0:17:15] is now more promising than 9.Qe2. D27: Queen's Gambit Accepted: Classical main line: 7 e4!? and 7 a4.} cxd4 10. Nxd4 {[%emt 0:02:13] e5 would be deadly.} Nbd7 {[%emt 0:00:52] [#]} 11. Bxe6 fxe6 $15 12. Nxe6 Qb6 13. Nd5 Bxd5 (13... Qxe6 $2 14. Nc7+ Ke7 15. Nxe6 Kxe6 16. Qb3+ Ke7 17. e5 $18) 14. exd5 Kf7 $1 {[%emt 0:03:42] [#]} 15. Qf3 $146 ({White should play} 15. Qb3 $15 Bd6 16. Be3) ({Predecessor:} 15. Re1 Bd6 16. Ng5+ Kg8 17. Re6 h6 18. Nf3 Nf8 19. Re2 Rd8 20. Nd4 Bc5 21. Be3 Rxd5 {0-1 Nagy,G (2516)-Banusz,T (2631) EU-Cup Online Gr-H rapid 2021 (5.1)}) 15... Bd6 $17 ({Much worse is} 15... Kg8 $6 16. Bg5 $15) 16. Be3 Qb7 17. Ng5+ Kg8 18. Rfd1 Re8 19. Rac1 Ne5 20. Qf5 Nc4 ({Much less strong is} 20... Nxd5 21. Qe4 h6 22. Qxd5+ Qxd5 23. Rxd5 $16) ({Black should try} 20... h6 $17 21. Ne6 Qf7) 21. Bf4 (21. Ne6 $15) 21... Bxf4 22. Qxf4 h6 ({Not} 22... Nxb2 23. Re1 Qd7 24. Rxe8+ Qxe8 25. Ne6 $15) 23. Ne6 (23. Nf3 $142) 23... Nxd5 $19 (23... Nxb2 $2 24. Rc7 $18) 24. Qf5 Qf7 {[%emt 0:03:19] Weighted Error Value: White=0.36/Black=0.06 (flawless)} 0-1

[Event "Marienbad A1-GM 2024"]
[Site "Marianske Lazne"]
[Date "2024.01.17"]
[Round "6.5"]
[White "Stein, Robert"]
[Black "Haba, Petr"]
[Result "1/2-1/2"]
[ECO "D30"]
[WhiteElo "2429"]
[BlackElo "2437"]
[Annotator "TA"]
[PlyCount "29"]
[EventDate "2024.01.10"]
[EventType "tourn"]
[EventCountry "CZE"]
[SourceTitle "playchess.com"]
[Source "ChessBase"]
[SourceQuality "1"]
[TimeControl "40/5400+30:1800+30"]

1. d4 d5 2. c4 e6 3. Nf3 c6 4. Qc2 dxc4 5. Qxc4 Nf6 6. g3 b5 7. Qb3 Bb7 8. Bg2 a6 9. a4 Nbd7 10. O-O c5 11. axb5 Bd5 12. Qc2 Be4 13. Qb3 Bd5 14. Qc2 {[%emt 0:00:05] [#] D30: Queen's Gambit Declined: Systems without Nc3.} Be4 $146 {[%emt 0:00:43][%mdl 1024] Black has compensation.} ({Predecessor:} 14... axb5 15. Rxa8 Qxa8 16. Nc3 Bc6 17. Nh4 Bxg2 18. Nxg2 b4 19. Nb5 Qc6 20. Qa4 Be7 21. dxc5 O-O 22. Nc3 Qxc5 {0-1 Gurevich,D (2351)-Kaidanov,G (2548) USA-ch Seniors 2022 (7)}) 15. Qb3 {[%emt 0:00:07] An uneventful encounter.} 1/2-1/2

[Event "Marienbad A1-GM 2024"]
[Site "Marianske Lazne"]
[Date "2024.01.18"]
[Round "7.1"]
[White "Haba, Petr"]
[Black "Kusa, Jakub"]
[Result "1-0"]
[ECO "C86"]
[WhiteElo "2437"]
[BlackElo "2350"]
[Annotator "TA"]
[PlyCount "49"]
[EventDate "2024.01.10"]
[EventType "tourn"]
[EventCountry "CZE"]
[SourceTitle "playchess.com"]
[Source "ChessBase"]
[SourceQuality "1"]
[TimeControl "40/5400+30:1800+30"]

1. e4 e5 2. Nf3 Nc6 3. Bb5 a6 4. Ba4 Nf6 5. O-O Be7 6. Qe2 b5 7. Bb3 O-O 8. c3 d5 9. d3 Bb7 10. Rd1 {[%emt 0:04:36] C86: Closed Ruy Lopez: Worrall Attack.} Qd6 11. Nbd2 Rad8 12. Nf1 {[%emt 0:03:31] [#] The position is equal.} Na5 $146 {[%emt 0:03:07] Threatens to win with ...Nxb3.} ({Predecessor:} 12... d4 13. Ng3 Bc8 14. Nh4 g6 15. Bh6 Rfe8 16. Nf3 Bg4 17. h3 Bxf3 18. Qxf3 Bf8 {½-½ Diaz Begonte,M (1552)-Perez Cameselle,F (1767) Madrid-ch Seniors 50 2019 (3)}) 13. Bxd5 (13. exd5 {simplifies} Nxd5 14. Bxd5 Qxd5 15. Qxe5 Qxe5 16. Nxe5 f6 17. Ng4) 13... Nxd5 14. exd5 Bxd5 15. Qxe5 Qd7 (15... c5 {simplifies} 16. Qxd6 Bxd6 17. Nh4 Rfe8) 16. Qg3 c5 17. Bh6 {[%emt 0:03:48][%csl Gh6][%cal Rg3g7] [#]} Bf6 18. Ne3 Bxf3 19. Qxf3 Qc6 (19... Rfe8 $14 {is superior.}) 20. Qg3 $16 {[%emt 0:08:16] Nf5 is the strong threat.} Rfe8 {[%emt 0:00:24][%cal Of6c3] [#]} 21. Ng4 $1 $40 {[%emt 0:02:59][%mdl 128] Strongly threatening Nxf6+. White is out for blood.} Rd5 $2 (21... Rc8 {keeps fighting.} 22. Re1 b4) 22. Re1 $1 $18 {[%emt 0:06:57] Nxf6+ would kill now.} Bg5 (22... Rf8 23. Rac1 Kh8) 23. Bxg5 {[%emt 0:09:34] White is clearly winning.} Rxg5 24. f4 Rg6 25. f5 {[%emt 0:00:16] Weighted Error Value: White=0.10 (very precise) /Black=0.61} 1-0

[Event "Marienbad A1-GM 2024"]
[Site "Marianske Lazne"]
[Date "2024.01.18"]
[Round "7.2"]
[White "Haring, Filip"]
[Black "Stein, Robert"]
[Result "1/2-1/2"]
[ECO "C54"]
[WhiteElo "2432"]
[BlackElo "2429"]
[Annotator "TA"]
[PlyCount "107"]
[EventDate "2024.01.10"]
[EventType "tourn"]
[EventCountry "CZE"]
[SourceTitle "playchess.com"]
[Source "ChessBase"]
[SourceQuality "1"]
[TimeControl "40/5400+30:1800+30"]

1. e4 e5 2. Nf3 Nc6 3. Bc4 Bc5 4. c3 Nf6 5. d4 exd4 6. e5 d5 7. Bb5 Ne4 8. cxd4 Bb6 $1 {[%emt 0:00:13] 8...Bb6 is better than 8...Bb4+.} 9. Nc3 O-O 10. Be3 {[%emt 0:02:15] C54: Giuoco Piano: 4 c3 Nf6, main lines with 5 d4 and 5 d3.} Bg4 11. h3 Bh5 12. Qc2 Ba5 13. O-O Bxf3 14. gxf3 Nxd4 {[%emt 0:00:28][%mdl 64] [#] Deflection} 15. Bxd4 Qg5+ $1 16. Kh1 Bxc3 $1 17. Bxc3 Qf5 {[%emt 0:01:30][%csl LRf3,LRh3][%cal Oe4g3] And now ...Ng3+! would win.} 18. Rfc1 Qxh3+ (18... Qxf3+ 19. Kg1) 19. Kg1 Ng5 20. Be2 Qh6 {[%emt 0:20:25] Strongly threatening ...Nh3+.} (20... Nxf3+ 21. Bxf3 Qxf3 22. Qd1 $14) 21. f4 Nh3+ 22. Kg2 $1 Nxf4+ 23. Kf3 $1 {[%emt 0:00:06] [#]} Nxe2 $146 (23... Ng6 $11 24. Kg2 Qg5+ 25. Kf1 c6) ({Predecessor:} 23... Ng6) 24. Rh1 $1 $14 {[%emt 0:13:34] The board is on fire.} Qg6 25. Qxg6 (25. Qxe2 f6 26. e6 Rae8 $11) 25... fxg6+ 26. Kxe2 c5 27. Bd2 Rae8 28. f4 g5 29. Raf1 gxf4 30. Bxf4 g5 31. Bh2 (31. Bxg5 $2 {perishes.} Rxe5+ 32. Be3 Rxf1 33. Kxf1 (33. Rxf1 $2 {is the wrong capture.} d4 $19 {[%mdl 64] Pin}) 33... Rxe3 $19) 31... Rxf1 32. Rxf1 {[%emt 0:00:03][%mdl 4096] Endgame KRB-KR} Kg7 {[%emt 0:00:53] [#]} 33. b4 $1 b6 34. Rc1 Rc8 35. Bg1 Re8 36. bxc5 {[%emt 0:00:35] c6 is the strong threat.} Rxe5+ 37. Kd3 {[%emt 0:00:39] Hoping for Bd4.} bxc5 38. Bxc5 {[%emt 0:00:04][%cal Oc5d4] Threatens to win with Bd4!} Re4 39. Bd4+ Kg6 40. Rc5 {[%emt 0:02:07] White is more active.} ({Don't play} 40. Bxa7 Ra4 41. Be3 Rxa2 $11) 40... Re6 41. a4 a6 42. Rxd5 Kh5 43. a5 Kg4 44. Be3 Rg6 45. Ke2 h5 46. Rd4+ Kg3 {[%emt 0:03:33] The position is equal.} 47. Rd1 {[%emt 0:00:00] aiming for Rg1+.} Kg4 $1 48. Kf2 h4 49. Kg2 Re6 50. Rd4+ Kf5 51. Bd2 Re4 52. Rd5+ Re5 53. Rxe5+ Kxe5 54. Bxg5 {[%emt 0:00:06] Weighted Error Value: White=0.05 (flawless) /Black=0.06 (flawless)} 1/2-1/2

[Event "Marienbad A1-GM 2024"]
[Site "Marianske Lazne"]
[Date "2024.01.18"]
[Round "7.3"]
[White "Baenziger, Fabian"]
[Black "Natsidis, Christoph"]
[Result "1-0"]
[ECO "D37"]
[WhiteElo "2414"]
[BlackElo "2324"]
[Annotator "TA"]
[PlyCount "53"]
[EventDate "2024.01.10"]
[EventType "tourn"]
[EventCountry "CZE"]
[SourceTitle "playchess.com"]
[Source "ChessBase"]
[SourceQuality "1"]
[TimeControl "40/5400+30:1800+30"]

1. d4 Nf6 2. Nf3 e6 3. c4 d5 4. Nc3 dxc4 5. e4 b5 6. e5 {[%emt 0:00:13] D24: Queen's Gambit Accepted: 3 Nf3 Nf6 4 Nc3.} Nd5 7. Nxb5 Nb6 8. Be2 {[%emt 0:01:15] White is slightly better.} Nc6 9. Be3 Be7 10. O-O O-O 11. Nc3 Rb8 12. b3 cxb3 13. axb3 Bb7 14. Qb1 Nb4 15. Ne4 N6d5 (15... h6 $11 {deserves consideration.}) 16. Bd2 {[%emt 0:12:27][%cal Oe4g5] [#] White is more active.} (16. Neg5 {keeps more tension.} g6 17. Bd2 Nc3 18. Bxc3 Bxg5 19. Bxb4 Bxf3 20. Bxf8 Bxe2 21. Re1) 16... f5 $146 (16... h6 $14) ({Predecessor:} 16... a5 17. Rc1 Ra8 18. Neg5 g6 19. h4 Qd7 20. h5 h6 21. Ne4 g5 22. Nc5 Bxc5 23. Rxc5 {½-½ Wang,J (2312)-Tabatabaei,M (2629) PNWCC Thanksgiving op rapid 2020 (5)}) 17. exf6 $16 Nxf6 18. Neg5 Bd5 {[%emt 0:04:13] [#]} 19. Bc4 $1 (19. Rxa7 h6 20. Nh3 Nc6 $17) 19... Rb6 20. Re1 (20. Rxa7 Bxc4 21. bxc4 Nc6 $11) 20... Qc8 (20... Qd7 {was worth a try.} 21. Rxa7 (21. Ne5 Qe8 $18) 21... h6) 21. Bxb4 $18 ({Inferior is} 21. Rxa7 Bxc4 22. bxc4 Nc6 $17) 21... Bxb4 {[%emt 0:01:48] [#]} 22. Rxe6 {[%emt 0:00:07][%mdl 576] X-Ray Attack} Bxe6 23. Nxe6 Rxe6 24. Ng5 {[%emt 0:08:00][%cal Bf3g5,Bg5e6,Be6g7][%mdl 96] Pin} Kh8 (24... Rfe8 $2 25. Qf5) 25. Nxe6 Re8 26. Qf5 ({But not} 26. Rxa7 $6 Rxe6 27. Bxe6 Qxe6 $16) 26... a5 {[%emt 0:02:28] Black is weak on the light squares} 27. Nxg7 {[%emt 0:08:30][%mdl 64] Decoy. Excellently played by Baenziger!   Weighted Error Value: White=0.04 (flawless) /Black=0.22 (precise)} 1-0

[Event "Marienbad A1-GM 2024"]
[Site "Marianske Lazne"]
[Date "2024.01.18"]
[Round "7.4"]
[White "Stefansson, Hannes"]
[Black "Pang, Tao"]
[Result "1/2-1/2"]
[ECO "C15"]
[WhiteElo "2498"]
[BlackElo "2430"]
[Annotator "TA"]
[PlyCount "128"]
[EventDate "2024.01.10"]
[EventType "tourn"]
[EventCountry "CZE"]
[SourceTitle "playchess.com"]
[Source "ChessBase"]
[SourceQuality "1"]
[TimeControl "40/5400+30:1800+30"]

1. e4 e6 2. d4 d5 3. Nc3 Bb4 4. Nge2 dxe4 5. a3 Bxc3+ 6. Nxc3 Nc6 7. Bf4 Nf6 {[%emt 0:03:23] 7...Nf6 is better than 7...Nge7.} 8. Bb5 Nd5 9. Bxc6+ {[%emt 0:03:43] C15: French: 3 Nc3 Bb4: Unusual White 4th moves.} bxc6 10. Bd2 Nxc3 11. Bxc3 {[%emt 0:00:06] The position is equal.} Qg5 {[%emt 0:16:54] [#]} 12. Qe2 $146 ({Predecessor:} 12. O-O O-O 13. Qe2 f5 14. f3 a5 15. Qc4 Kh8 16. Qxc6 Rb8 17. Qxc7 Ba6 18. f4 {1-0 O'Carroll,O (1737)-Skarbarchuk,T (2010) Wch U18 Girls 2023 (10)}) 12... Qxg2 13. O-O-O Qf3 14. Qd2 f6 15. Rhg1 Rg8 (15... O-O {keeps more tension.} 16. Rg3 Qh5 17. Qf4 Rf7) 16. Rg3 Qf5 17. Ba5 Kd7 18. Bb4 a5 19. Bc5 Ba6 20. a4 Qh5 (20... g5 $15 {is more appropriate.}) 21. Qf4 Qf5 (21... Qxh2 $2 22. Rxg7+ (22. Qxe4 Rae8 $11) 22... Rxg7 23. Qxh2 $18) (21... f5 {seems wilder.} 22. Rdg1 g6 23. h4 Rad8) 22. Qd2 g5 23. Re1 Qf4 24. Rh3 Qxd2+ 25. Kxd2 {[%emt 0:00:05] [#]} h5 26. Rxe4 Bf1 27. Rg3 h4 28. Rg1 Bc4 (28... Bh3 $1 $15) 29. Reg4 $11 Bd5 {[%emt 0:06:14] Threatens to win with ...Bf3.} 30. Ke3 {[%emt 0:00:18] Wards off Bf3} h3 31. R1g3 Rh8 32. f4 Rag8 33. fxg5 f5 34. Rf4 Rg6 35. b4 axb4 36. Bxb4 c5 37. Bxc5 Rh5 38. a5 Rgxg5 39. Rxg5 Rxg5 {[%emt 0:00:01][%mdl 4096] Endgame KRB-KRB} 40. Rh4 Bg2 $2 {[%emt 0:00:55] [#]} (40... Rg2 $11 {and Black stays safe.}) 41. Rh7+ (41. a6 $1 $18) 41... Kc6 $16 42. a6 e5 43. a7 {[%emt 0:14:52] White is more active.} Rg8 {[%emt 0:03:28] Against a8Q+} 44. Rf7 f4+ 45. Kf2 (45. Kd3 $5 Rd8 46. c4 $16) 45... Bd5 46. Rf5 (46. Rg7 $5 Ra8 47. Rg6+ Kb5 48. Rg5 $14) 46... exd4 (46... Kb5 $11) 47. Bxd4 Kd6 48. Ke1 ({But not} 48. Rxf4 $6 Rg2+ 49. Ke1 Rxc2 $14) 48... c5 49. Bf2 Ra8 {[%emt 0:00:00] [#]} 50. c4 $1 Bxc4 51. Bxc5+ Kc6 52. Bd4 {[%emt 0:00:00] Threatening mate with Rc5+.} Re8+ 53. Kd2 {[%emt 0:00:00] Rc5+ would kill now.} Bd5 54. Rxf4 Kb7 55. Rf5 Bg2 56. Rf7+ Ka8 57. Kc3 Rd8 58. Rh7 Rc8+ 59. Kb4 Bf1 {[%emt 0:00:00] And now ...Rc4+ would win.} 60. Rd7 Rc4+ 61. Ka5 {[%emt 0:00:00] White wants to mate with Rd8+.} Rc8 {[%emt 0:00:00] Against Rd8} 62. Rf7 Bg2 63. Rf6 Bh1 64. Kb6 (64. Rh6 $142) 64... Rc6+ {[%emt 0:00:00] Weighted Error Value: White=0.07 (flawless) /Black=0.12 (very precise)} 1/2-1/2

[Event "Marienbad A1-GM 2024"]
[Site "Marianske Lazne"]
[Date "2024.01.18"]
[Round "7.5"]
[White "Samani, Yamac"]
[Black "Neuman, Petr"]
[Result "1/2-1/2"]
[ECO "B31"]
[WhiteElo "2380"]
[BlackElo "2398"]
[Annotator "TA"]
[PlyCount "34"]
[EventDate "2024.01.10"]
[EventType "tourn"]
[EventCountry "CZE"]
[SourceTitle "playchess.com"]
[Source "ChessBase"]
[SourceQuality "1"]
[TimeControl "40/5400+30:1800+30"]

1. e4 c5 2. Nf3 Nc6 3. Bb5 g6 4. O-O Bg7 5. Re1 Nf6 6. Bxc6 dxc6 7. d3 Nd7 {[%emt 0:10:57][%cal Bf6d7,Bd7f8,Bf8e6][%mdl 32] B31: Sicilian: 2...Nc6 3 Bb5 g6.} 8. a4 a5 {[%emt 0:00:35] [#]} 9. e5 $146 ({Predecessor:} 9. Na3 O-O 10. c3 e5 11. Bg5 Qc7 12. Qb3 b6 13. Nc4 Ba6 14. Bh4 Bxc4 15. Qxc4 {½-½ Shevchenko,K (2549)-Fawzy,A (2439) Wch U18 Porto Carras 2018 (3)}) 9... Nf8 {[%emt 0:03:34] The position is equal.} 10. Nbd2 Ne6 11. b3 O-O 12. Bb2 f5 13. exf6 exf6 14. Qe2 Re8 15. Qf1 b6 16. Re3 Ra7 17. Rae1 Rae7 {[%emt 0:00:07] A rather calm draw.   Weighted Error Value: White=0.05 (flawless) /Black=0.03 (flawless)} 1/2-1/2

[Event "Marienbad A1-GM 2024"]
[Site "Marianske Lazne"]
[Date "2024.01.19"]
[Round "8.1"]
[White "Kusa, Jakub"]
[Black "Neuman, Petr"]
[Result "1/2-1/2"]
[ECO "A49"]
[WhiteElo "2350"]
[BlackElo "2398"]
[Annotator "RC"]
[PlyCount "27"]
[EventDate "2024.01.10"]
[EventType "tourn"]
[EventCountry "CZE"]
[SourceTitle "playchess.com"]
[Source "ChessBase"]
[SourceQuality "1"]
[TimeControl "40/5400+30:1800+30"]

1. d4 Nf6 2. Nf3 g6 3. g3 d5 4. Bg2 Bg7 5. c4 c6 6. cxd5 cxd5 7. Nc3 Ne4 8. Nxe4 dxe4 9. Ne5 Bxe5 10. dxe5 Qxd1+ 11. Kxd1 Bf5 12. g4 Bxg4 13. Bxe4 Nc6 14. Bxc6+ 1/2-1/2

[Event "Marienbad A1-GM 2024"]
[Site "Marianske Lazne"]
[Date "2024.01.19"]
[Round "8.2"]
[White "Pang, Tao"]
[Black "Samani, Yamac"]
[Result "1-0"]
[ECO "A18"]
[WhiteElo "2430"]
[BlackElo "2380"]
[Annotator "RC"]
[PlyCount "95"]
[EventDate "2024.01.10"]
[EventType "tourn"]
[EventCountry "CZE"]
[SourceTitle "playchess.com"]
[Source "ChessBase"]
[SourceQuality "1"]
[TimeControl "40/5400+30:1800+30"]

1. c4 Nf6 2. Nc3 e6 3. e4 d5 4. cxd5 exd5 5. e5 d4 6. exf6 dxc3 7. Bb5+ c6 8. Qe2+ Be6 9. Bc4 Qxf6 10. dxc3 Bc5 11. Nf3 O-O 12. Bxe6 Qxe6 13. Qxe6 fxe6 14. O-O Nd7 15. Re1 e5 16. Be3 Bxe3 17. Rxe3 Rae8 18. Rae1 h6 19. h3 Rf5 20. g4 Rf4 21. Nxe5 Nxe5 22. Rxe5 Ref8 23. R1e2 R8f7 24. Kg2 Kh7 25. R5e3 a6 26. f3 g5 27. Re7 Kg7 28. Rxf7+ Rxf7 29. Rd2 Re7 30. Kf2 Kf6 31. Rd6+ Kg7 32. b4 Kh7 33. a4 Kg7 34. a5 Kh7 35. Kg3 Rf7 36. Rd3 h5 37. Rd6 h4+ 38. Kf2 Re7 39. Rd4 Kg6 40. Re4 Rd7 41. Ke2 Kf6 42. f4 c5 43. f5 cxb4 44. Re6+ Kf7 45. cxb4 Rc7 46. Kd2 Rc4 47. Rb6 Rc7 48. Kd3 1-0

[Event "Marienbad A1-GM 2024"]
[Site "Marianske Lazne"]
[Date "2024.01.19"]
[Round "8.3"]
[White "Natsidis, Christoph"]
[Black "Stefansson, Hannes"]
[Result "1/2-1/2"]
[ECO "D38"]
[WhiteElo "2324"]
[BlackElo "2498"]
[Annotator "TA"]
[PlyCount "38"]
[EventDate "2024.01.10"]
[EventType "tourn"]
[EventCountry "CZE"]
[SourceTitle "playchess.com"]
[Source "ChessBase"]
[SourceQuality "1"]
[TimeControl "40/5400+30:1800+30"]

1. d4 d5 2. c4 e6 3. Nf3 Nf6 4. Nc3 Bb4 5. e3 c5 6. cxd5 exd5 7. dxc5 O-O 8. Be2 Bxc5 9. O-O Nc6 10. b3 a6 11. Bb2 Bd6 12. Rc1 {[%emt 0:04:05] D32: Tarrasch Defence: Sidelines and lines without g3.} (12. Nxd5 $2 {loses.} Nxd5 13. Qd2 Be6 $19) 12... Re8 13. Qd3 (13. Nxd5 $2 {is the wrong capture.} Nxd5 14. Qd2 Bb4 $19) 13... Be6 14. Rfd1 {[%emt 0:03:17] [#]   Weighted Error Value: White=0.13 (very precise) /Black=0.04 (flawless)} {Predecessor:} Rc8 $146 15. Bf1 Ne5 16. Nxe5 Bxe5 17. h3 Bb8 18. Qd4 Qd6 19. g3 Qd7 {1-0 Vrolijk,L (2558)-Fedorovsky,M (2395) Barcelona Sants op 24th 2023 (7)} 1/2-1/2

[Event "Marienbad A1-GM 2024"]
[Site "Marianske Lazne"]
[Date "2024.01.19"]
[Round "8.4"]
[White "Stein, Robert"]
[Black "Baenziger, Fabian"]
[Result "1/2-1/2"]
[ECO "A06"]
[WhiteElo "2429"]
[BlackElo "2414"]
[Annotator "RC"]
[PlyCount "26"]
[EventDate "2024.01.10"]
[EventType "tourn"]
[EventCountry "CZE"]
[SourceTitle "playchess.com"]
[Source "ChessBase"]
[SourceQuality "1"]
[TimeControl "40/5400+30:1800+30"]

1. Nf3 d5 2. g3 Nf6 3. Bg2 e6 4. O-O Be7 5. d4 O-O 6. c4 c6 7. Qc2 b6 8. Rd1 Bb7 9. Nc3 Nbd7 10. cxd5 cxd5 11. Bf4 Rc8 12. Qb3 Ne8 13. Rac1 Bd6 1/2-1/2

[Event "Marienbad A1-GM 2024"]
[Site "Marianske Lazne"]
[Date "2024.01.19"]
[Round "8.5"]
[White "Haba, Petr"]
[Black "Haring, Filip"]
[Result "1/2-1/2"]
[ECO "A40"]
[WhiteElo "2437"]
[BlackElo "2432"]
[Annotator "RC"]
[PlyCount "50"]
[EventDate "2024.01.10"]
[EventType "tourn"]
[EventCountry "CZE"]
[SourceTitle "playchess.com"]
[Source "ChessBase"]
[SourceQuality "1"]
[TimeControl "40/5400+30:1800+30"]

1. d4 Nf6 2. c4 e6 3. g3 d5 4. Nf3 Bb4+ 5. Nbd2 dxc4 6. Bg2 c6 7. O-O b5 8. b3 cxb3 9. Nxb3 Nbd7 10. Bd2 Bxd2 11. Qxd2 O-O 12. Rfc1 a5 13. Ne5 Nxe5 14. dxe5 Qxd2 15. Nxd2 Nd5 16. Rxc6 b4 17. Bxd5 exd5 18. a3 Rb8 19. axb4 axb4 20. Nb3 Re8 21. Ra5 Rxe5 22. Rb5 Ra8 23. Ra5 Rb8 24. Rb5 Ra8 25. Ra5 Rb8 1/2-1/2

[Event "Marienbad A1-GM 2024"]
[Site "Marianske Lazne"]
[Date "2024.01.20"]
[Round "9.1"]
[White "Haring, Filip"]
[Black "Kusa, Jakub"]
[Result "1/2-1/2"]
[ECO "C45"]
[WhiteElo "2432"]
[BlackElo "2350"]
[Annotator "ChessBase"]
[PlyCount "41"]
[EventDate "2024.01.10"]
[EventType "tourn"]
[EventCountry "CZE"]
[SourceTitle "playchess.com"]
[Source "ChessBase"]
[SourceQuality "1"]
[TimeControl "40/5400+30:1800+30"]

1. e4 e5 2. Nf3 Nc6 3. d4 exd4 4. Nxd4 Nf6 5. Nxc6 bxc6 6. e5 Qe7 7. Qe2 Nd5 8. h4 d6 9. c4 Nb6 10. exd6 Qxe2+ 11. Bxe2 Bxd6 12. Nc3 Be6 13. b3 O-O-O 14. Bb2 Be5 15. Rd1 Bf6 16. Bf3 c5 17. O-O Rxd1 18. Rxd1 Rd8 19. Kf1 Bf5 20. Rxd8+ Kxd8 21. g3 1/2-1/2

[Event "Marienbad A1-GM 2024"]
[Site "Marianske Lazne"]
[Date "2024.01.20"]
[Round "9.2"]
[White "Baenziger, Fabian"]
[Black "Haba, Petr"]
[Result "1/2-1/2"]
[ECO "D12"]
[WhiteElo "2414"]
[BlackElo "2437"]
[Annotator "RC"]
[PlyCount "145"]
[EventDate "2024.01.10"]
[EventType "tourn"]
[EventCountry "CZE"]
[SourceTitle "playchess.com"]
[Source "ChessBase"]
[SourceQuality "1"]
[TimeControl "40/5400+30:1800+30"]

1. d4 d5 2. c4 c6 3. Nf3 Nf6 4. e3 Bf5 5. Nc3 e6 6. Nh4 Be4 7. f3 Bg6 8. Qb3 Qc7 9. Bd2 Be7 10. Nxg6 hxg6 11. cxd5 Nxd5 12. O-O-O a5 13. a3 b5 14. Nxd5 exd5 15. e4 dxe4 16. fxe4 Nd7 17. Kb1 O-O 18. h4 c5 19. Bxb5 cxd4 20. h5 g5 21. h6 g6 22. Qd5 Ne5 23. Qxd4 Bf6 24. Bc3 Rfd8 25. Qf2 Rxd1+ 26. Rxd1 Ng4 27. h7+ Kxh7 28. Qf3 Qf4 29. Bxf6 Nxf6 30. e5 Rb8 31. Qh3+ Nh5 32. Qd7 Qf5+ 33. Qxf5 gxf5 34. Bd3 Ng3 35. Bc4 Re8 36. Rd5 f4 37. Rxa5 Re7 38. Rd5 Kg6 39. Bd3+ f5 40. exf6+ Kxf6 41. a4 g4 42. a5 f3 43. gxf3 gxf3 44. a6 f2 45. Rd8 Kg7 46. Bc4 Ne4 47. Rd1 Kf6 48. Ka2 Ke5 49. Ka3 Kf4 50. Kb4 Ke3 51. Rd3+ Kf4 52. Rd1 Ke3 53. Rd3+ Kf4 54. Rd8 Ke3 55. Rf8 Nd6 56. Bf1 Rc7 57. b3 Ne4 58. Bc4 Nd6 59. Bf1 Ne4 60. Ka5 Nd2 61. Kb6 Rc3 62. a7 Rxb3+ 63. Bb5 Rxb5+ 64. Kxb5 Nf3 65. Rxf3+ Kxf3 66. a8=Q+ Ke2 67. Qg2 Ke1 68. Qe4+ Kf1 69. Kc4 Kg1 70. Qg4+ Kh2 71. Qf3 Kg1 72. Qg3+ Kh1 73. Qxf2 1/2-1/2